 Dungeon Crawl Stone Soup version 0.27.0-1-g7a089689b8 (webtiles) character file.

Game seed: 7230071400532268043

9653 ryw the Cleaver (level 11, 0/100 (102) HPs)
             Began as a Hill Orc Delver on Aug 12, 2021.
             Was a High Priest of Okawaru.
             Slain by a wraith (6 damage)
             ... led by Josephine
             ... on level 9 of the Dungeon on Aug 13, 2021.
             The game lasted 00:38:13 (10086 turns).

ryw the Cleaver (Hill Orc Delver)                  Turns: 10086, Time: 00:38:13

HP:   0/100 (102)   AC:  4    Str: 16    XL:     11   Next: 49%
MP:   14/14         EV: 15    Int: 10    God:    Okawaru [*****.]
Gold: 458           SH: 16    Dex: 20    Spells: 10/10 levels left

rFire    . . .     SeeInvis .   a - +11 broad axe of Zickistre {elec, *Corrode Dex+5}
rCold    . . .     Faith    .   x - +1 tower shield {rPois}
rNeg     . . .     Spirit   .   (no armour)
rPois    +         Reflect  .   s - +2 helmet
rElec    .         Harm     .   v - +0 cloak
rCorr    .         Rampage  .   (no gloves)
Will     .....                  (no boots)
Stlth    +++.......             f - amulet of regeneration
HPRegen  1.26/turn              E - +4 ring of slaying
MPRegen  0.14/turn              C - +4 ring of evasion

@: slowed, lightly drained, very slow
A: no striking features
a: Renounce Religion, Heroism, Finesse


You were on level 9 of the Dungeon.
You worshipped Okawaru.
Okawaru was extremely pleased with you.
You visited 3 branches of the dungeon, and saw 11 of its levels.

You collected 516 gold pieces.
You spent 58 gold pieces at shops.

Inventory:

Hand Weapons
 a - the +11 broad axe of Zickistre (weapon) {elec, *Corrode Dex+5}
   (Okawaru gifted it to you on level 7 of the Dungeon)

   It occasionally discharges a powerful burst of electricity upon striking a
   foe.
   Dex:       It affects your dexterity (+5).
   *Corrode:  It may corrode you when you take damage.
Missiles
 j - 22 poisoned darts (quivered)
 q - a throwing net
Armour
 s - a +2 helmet (worn)
 v - a +0 cloak (worn)
 x - a +1 tower shield of poison resistance (worn)
Jewellery
 f - an amulet of regeneration (around neck)
 o - a ring of protection from fire
 C - a +4 ring of evasion (right hand)
 E - a +4 ring of slaying (left hand)
 I - the ring "Soq Wut" {rC+ Int+6}
   (You found it on level 7 of the Dungeon)

   [ring of intelligence]

   Int:       It affects your intelligence (+6).
   rC:        It protects you from cold.
Wands
 g - a wand of digging (3)
 i - a wand of acid (3)
 l - a wand of iceblast (29)
 A - a wand of paralysis (6)
 H - a wand of flame (24)
Scrolls
 c - a scroll of fog
 d - 3 scrolls of magic mapping
 e - 3 scrolls of enchant weapon {unknown}
 h - 6 scrolls of identify
 m - 7 scrolls of teleportation
 n - 3 scrolls of blinking
 p - a scroll of torment
 t - a scroll of brand weapon {unknown}
 u - a scroll of silence {unknown}
 y - a scroll of noise {unknown}
 z - a scroll of acquirement {unknown}
 F - a scroll of vulnerability {unknown}
 J - 3 scrolls of enchant armour {unknown}
 L - a scroll of fear
Potions
 b - a potion of curing
 k - 2 potions of lignification
 r - a potion of flight
 w - a potion of invisibility
 B - a potion of might
 D - 2 potions of heal wounds
 G - a potion of resistance
 K - a potion of cancellation
 M - a potion of ambrosia


   Skills:
 + Level 11.4 Fighting
 - Level 2.1 Short Blades
 + Level 12.0 Axes
 - Level 0.2 Throwing
 + Level 8.1 Armour
 - Level 5.0 Dodging
 - Level 4.4 Stealth
 + Level 6.3 Shields
 + Level 4.4 Invocations


You had 10 spell levels left.
You didn't know any spells.
Your spell library contained the following spells:

 Spells                   Type           Power      Damage    Failure   Level
 Foxfire                  Conj/Fire      0%         2x1d4     99%         1
 Magic Dart               Conj           0%         1d3       99%         1
 Sandblast                Erth           0%         2d4       99%         1
 Call Imp                 Summ           0%         N/A       100%        2
 Ensorcelled Hibernation  Hex/Ice        0%         N/A       100%        2
 Passwall                 Tmut/Erth      0%         N/A       100%        2
 Conjure Flame            Conj/Fire      0%         6-21      100%        3
 Inner Flame              Hex/Fire       0%         N/A       100%        3
 Mephitic Cloud           Conj/Pois/Air  0%         N/A       100%        3
 Swiftness                Air            0%         N/A       100%        3
 Summon Lightning Spire   Summ/Air       0%         N/A       100%        4
 Bolt of Magma            Conj/Fire/Erth 0%         4d4       100%        5
 Lee's Rapid Deconstruct  Erth           0%         3d5*      100%        5
 Metabolic Englaciation   Hex/Ice        0%         N/A       100%        5
 Invisibility             Hex            0%         N/A       100%        6
 Storm Form               Tmut/Air       0%         N/A       100%        7
 Maxwell's Capacitive Co  Air            0%         ∞         100%        8


Dungeon Overview and Level Annotations

Branches:
Dungeon (9/15)             Temple (0/1) D:5            Lair (1/6) D:9
    Orc (1/2) D:9

Altars:
Makhleb
Okawaru
Trog
Uskayaw
Vehumet

Shops:
D:5 **(

Annotations:
D:6 3 runed translucent doors, hawla's ghost, novice MiGl
D:9 Josephine


Message History

The gnoll hits you from afar with a +0 halberd!
* * * LOW HITPOINT WARNING * * *
The wraith hits you but does no damage. Josephine barely misses you.
The wraith hits you.
* * * LOW HITPOINT WARNING * * *
The gnoll barely misses you.
Unknown command.
You feel much better. Josephine hits you with a +0 dagger! The wraith hits you!
The wraith drains your vigour!
You feel as though you will be slow longer.
The wraith barely misses you.
The gnoll hits you from afar with a +0 halberd!
* * * LOW HITPOINT WARNING * * *
The wraith closely misses you. Josephine hits you with a +0 dagger.
* * * LOW HITPOINT WARNING * * *
Unknown command.
You rip the net and break free!
The wraith misses you. The gnoll barely misses you.
You block the wraith's attack.
Josephine grinds her teeth.
Josephine misses you. You block the wraith's attack. The gnoll misses you.
Unknown command.
Josephine draws life force from you!
* * * LOW HITPOINT WARNING * * *
Josephine is healed by the life force!
You block the wraith's attack. x2
The gnoll closely misses you. The wraith hits you but does no damage.
You block Josephine's attack.
You climb upwards.
Welcome back to the Dungeon!
There is a staircase to the Orcish Mines here.
You slice Josephine!!
Josephine is almost dead.
You hit the wraith but do no damage. You hit the wraith. The wraith hits you.
* * * LOW HITPOINT WARNING * * *
The wraith drains your vigour!
You feel as though you will be slow longer.
You block the wraith's attack. Josephine hits you with a +0 dagger!
* * * LOW HITPOINT WARNING * * *
You block the wraith's attack. Josephine hits you with a +0 dagger.
* * * LOW HITPOINT WARNING * * *
The wraith hits you.
You die...

......#..........................
......#..................####'###
......#..............###.#.⌠.⌠###
......####...........+...#....##.
..(......#####.....####..#.._.#..
.........##.....8.....#..#....#..
.........##...........##.#....#..
.....).........W.........#.._.#..
....<......8...@@....8[..#....##.
#...######.......W.....#.#.⌠.⌠###
'...#.....#...........##.####'###
#...###...#.....8)[...##.........
#.....#...####..)..#####.....#...
#.....#........#...'[..#.....#...
......#........#...#[..#####'#...
###...#........#...#.............
..#...#....###.+...#.............


You could see Josephine and 2 wraiths.

Vanquished Creatures
  Erolcha (D:9)
  A two-headed ogre (D:8)
  3 death yaks
  A komodo dragon (D:7)
  Grinder (D:5)
  9 yaks
  A basilisk (Lair:1)
  2 wraiths
  2 steam dragons
  3 water moccasins
  4 orc warriors
  3 sky beasts
  2 black bears (D:6)
  2 ogres
  A centaur (D:7)
  A phantom (D:5)
  2 bullfrogs (D:7)
  A kobold brigand (D:7)
  A gnoll sergeant (D:9)
  3 scorpions
  A wyvern skeleton (D:6)
  A water moccasin skeleton (D:6)
  6 killer bees (D:7)
  4 wights (D:9)
  6 howler monkeys
  A bullfrog zombie (D:6)
  3 hounds
  4 centaur zombies
  3 orc priests
  A jelly (D:7)
  3 centaur skeletons
  A gnoll shaman (D:8)
  Jessica (D:3)
  5 iguanas
  An orc wizard (D:8)
  A scorpion zombie (D:5)
  A hell rat (D:9)
  A hound zombie (D:5)
  A howler monkey zombie (D:9)
  Robin (D:3)
  A howler monkey skeleton (D:7)
  10 gnolls
  7 adders
  4 river rats (D:9)
  A shadow imp (D:7)
  An ufetubus (D:4)
  2 worms
  6 dart slugs
  36 orcs
  4 ball pythons
  5 endoplasms
  2 giant cockroaches
  9 goblins
  7 hobgoblins
  13 jackals
  6 quokkas
  3 bats (D:1)
  13 kobolds
  4 rats
224 creatures vanquished.

Vanquished Creatures (others)
  A fungus (Lair:1)
1 creature vanquished.

Grand Total: 225 creatures vanquished

Notes
Turn   | Place    | Note
-------+----------+-------------------------------------------
     0 | D:5      | ryw the Hill Orc Delver began the quest for the Orb.
     0 | D:5      | Reached XP level 1. HP: 19/19 MP: 1/1
   455 | D:3      | Reached XP level 2. HP: 7/27 MP: 2/2
   754 | D:3      | Found a faded altar of an unknown god.
   765 | D:3      | Became a worshipper of Warmaster Okawaru
   765 | D:3      | Reached * piety under Okawaru
  1565 | D:1      | Reached XP level 3. HP: 31/33 MP: 3/3
  1576 | D:1      | Reached skill level 3 in Axes
  2608 | D:2      | Reached XP level 4. HP: 40/40 MP: 4/4
  2893 | D:3      | Noticed Robin
  3099 | D:3      | Noticed Jessica
  3240 | D:3      | Killed Jessica
  3327 | D:3      | Reached skill level 4 in Axes
  3327 | D:3      | Reached XP level 5. HP: 43/46 MP: 5/5
  3822 | D:3      | Killed Robin
  4019 | D:4      | Reached skill level 5 in Fighting
  4054 | D:4      | Noticed an orc warrior
  4308 | D:4      | Reached XP level 6. HP: 39/56 MP: 6/6
  4429 | D:4      | Reached ** piety under Okawaru
  4562 | D:4      | Reached skill level 5 in Axes
  4592 | D:4      | Reached skill level 1 in Short Blades
  4640 | D:3      | Reached XP level 7. HP: 25/62 MP: 7/7
  5419 | D:5      | Found a bloodstained altar of Trog.
  5434 | D:5      | Noticed Grinder
  5443 | D:5      | Paralysed by Grinder for 2 turns
  5444 | D:5      | Reached skill level 6 in Axes
  5475 | D:5      | Paralysed by Grinder for 5 turns
  5495 | D:5      | Killed Grinder
  5495 | D:5      | Reached *** piety under Okawaru
  5496 | D:5      | Reached XP level 8. HP: 68/71 MP: 8/8
  5784 | D:5      | Found Pismen's Specific Store.
  5785 | D:5      | Found Douxedem's General Store.
  5792 | D:5      | Bought a +0 cloak for 58 gold pieces
  5815 | D:5      | Got the Tome of Congealing Heat
  5849 | D:5      | Reached skill level 7 in Axes
  5953 | D:5      | Found Xeeriptuewn's Antique Weapon Emporium.
  6070 | D:5      | Found a staircase to the Ecumenical Temple.
  6339 | D:6      | Found a runed translucent gate.
  6339 | D:6      | Found a runed translucent gate.
  6339 | D:6      | Found a runed translucent gate.
  6339 | D:6      | Noticed hawla's ghost (novice MiGl)
  6467 | D:6      | Reached skill level 1 in Armour
  6474 | D:6      | Reached **** piety under Okawaru
  6475 | D:6      | Reached skill level 1 in Shields
  6486 | D:6      | Noticed a two-headed ogre
  6687 | D:6      | Reached skill level 5 in Dodging
  6731 | D:6      | Reached skill level 8 in Axes
  6777 | D:6      | Reached XP level 9. HP: 80/81 MP: 9/9
  7050 | D:7      | Noticed a komodo dragon
  7065 | D:7      | Killed a komodo dragon
  7069 | D:7      | Reached ***** piety under Okawaru
  7070 | D:7      | Reached skill level 9 in Axes
  7418 | D:7      | Identified the ring "Soq Wut" {rC+ Int+6}
  7743 | D:6      | Reached XP level 10. HP: 91/91 MP: 10/10
  8029 | D:6      | Reached skill level 5 in Armour
  8038 | D:6      | Reached skill level 5 in Shields
  8038 | D:6      | Found a radiant altar of Vehumet.
  8173 | D:7      | Identified the +11 broad axe of Zickistre {elec, *Corrode
                  | Dex+5} (Okawaru gifted it to you on level 7 of the Dungeon)
  8173 | D:7      | Received a gift from Okawaru
  8180 | D:7      | Reached skill level 10 in Axes
  8303 | D:8      | Reached skill level 10 in Fighting
  8369 | D:8      | Noticed a two-headed ogre
  8374 | D:8      | Killed a two-headed ogre
  8774 | D:9      | Noticed a death yak
  8908 | D:8      | Killed a death yak
  8909 | D:8      | Reached skill level 11 in Axes
  8964 | D:9      | Noticed a death yak
  8976 | D:9      | Noticed a death yak
  9055 | D:9      | Found a staircase to the Orcish Mines.
  9071 | D:9      | Received a gift from Okawaru
  9100 | D:9      | Reached skill level 1 in Invocations
  9164 | D:8      | Killed a death yak
  9165 | D:8      | Reached XP level 11. HP: 87/102 MP: 10/12
  9176 | D:9      | Killed a death yak
  9242 | D:9      | Found a staircase to the Lair.
  9366 | D:9      | Noticed Erolcha
  9372 | D:9      | Killed Erolcha
  9406 | D:9      | Found a burning altar of Makhleb.
  9515 | D:9      | Found an iron altar of Okawaru.
  9515 | D:9      | Found a hide-covered altar of Uskayaw.
  9855 | Lair:1   | Entered Level 1 of the Lair of Beasts
  9957 | Lair:1   | Noticed a six-headed hydra
 10016 | Orc:1    | Entered Level 1 of the Orcish Mines
 10049 | Orc:1    | Noticed Josephine
 10069 | D:9      | Reached skill level 12 in Axes
 10086 | D:9      | Slain by a wraith

Illustrated notes

Levels and vault maps discovered:
D:1:      lightli_arrival_quake, layout_basic
D:2:      layout_rooms
D:3:      layout_basic, shapermc_ecumenical_altar_mp_highgroup,
          minmay_misc_feat_hallway, uniq_robin, uniq_jessica
D:4:      minmay_spotlight, layout_cave_pools
D:5:      layout_loops_corners, mainiacjoe_overflow_concentric_impassable,
          minmay_temple_entry_poolview, serial_shops, nicolae_shop_waterfront,
          nicolae_specific_store, uniq_grinder
D:6:      layout_basic, marbit_many_paths, ebering_ghost_rock_garden,
          nicolae_lava_and_water
D:7:      layout_basic, eino_jars
D:8:      layout_basic
D:9:      layout_irregular_city, jmf_multi_god_temple, kennysheep_mini,
          dpeg_lair_monsters, david_orc_2, uniq_erolcha
Lair:1:   layout_roguey, serial_bayou_shore_b
Orc:1:    layout_diamond_mine, basic_altar, bloody_makhleb, uniq_josephine,
          uniq_maurice

Skill      XL: |  1  2  3  4  5  6  7  8  9 10 11 |
---------------+----------------------------------+-----
Fighting       | 4 5 6 8 9 11 | 11.4
Axes           | 3 4 5 6 8 9 11 12 | 12.0
Dodging        | 2 3 4 5 |  5.0
Short Blades   | 1 2 |  2.1
Armour         | 2 4 7 8 |  8.1
Shields        | 2 4 5 6 |  6.3
Invocations    | 2 4 |  4.4
Throwing       | |  0.2
Stealth        | |  4.4

Action                   |  1- 3 |  4- 6 |  7- 9 | 10-12 || total
-------------------------+-------+-------+-------+-------++-------
Melee: Hand axe          |   152 |   147 |       |       ||   299
       Dagger            |       |    47 |    61 |       ||   108
       War axe           |       |       |   311 |    26 ||   337
       Broad axe         |       |       |       |   154 ||   154
Throw: Dart              |    16 |    79 |    43 |     1 ||   139
Invok: Heroism           |       |       |       |     2 ||     2
Evoke: Wand              |       |       |     3 |       ||     3
  Use: Potion            |     1 |     3 |     1 |     1 ||     6
       Scroll            |       |       |     8 |     5 ||    13
 Stab: Sleeping          |     2 |     1 |       |     4 ||     7
       Distracted        |       |       |       |     1 ||     1
Armor: Leather armour    |    46 |    28 |       |       ||    74
       Ring mail         |       |    12 |   121 |    20 ||   153
       Skin              |       |       |       |    14 ||    14
Dodge: Dodged            |   125 |   111 |   290 |   124 ||   650
Block: Buckler           |       |    24 |    76 |    23 ||   123
       Tower shield      |       |       |       |    65 ||    65
